 Dungeon Crawl Stone Soup version bcrawl-1.19.2-6-g6a88ae04c9 (webtiles) character file.

Game seed: 468151168158416224

88707 MisterOstroum the Slicer (level 16, 0/122 HPs)
             Began as a Human Wizard on Jan 4, 2020.
             Was a Priest of Jiyva.
             Killed from afar by a shock serpent (32 damage)
             ... with a bolt of electricity
             ... on level 1 of the Snake Pit on Jan 7, 2020.
             The game lasted 03:11:58 (41817 turns).

MisterOstroum the Slicer (Human Wizard)            Turns: 41817, Time: 03:11:59

Health: 0/122      AC: 22    Str: 26    XL:     16   Next: 41%
Magic:  0/28       EV: 14    Int: 14    God:    Jiyva [***...]
Gold:   206        SH:  4    Dex:  8    Spells: 5/31 levels left

rFire    + + .     SeeInvis .   b - +1 rapier (drain)
rCold    . . .     Gourm    .   l - +0 buckler
rNeg     . . .     Faith    .   N - +2 scale mail {rF+}
rPois    +         Spirit   +   J - +0 helmet of Dyspraxia {+Inv Regen+ rCorr Int+3}
rElec    .         Reflect  .   W - +2 cloak
rCorr    +         Harm     .   s - +2 pair of gloves
MR       +....                  Q - +2 pair of boots {Stlth++}
Stlth    ++++......             j - amulet of guardian spirit
HPRegen  0.70/turn              w - ring of protection from fire
MPRegen  0.21/turn              V - ring of poison resistance

@: no status effects
A: acidic bite, gelatinous body 1
a: Request Jelly, Evolve, Renounce Religion, Evoke Invisibility


You were on level 1 of the Snake Pit.
You worshipped Jiyva.
Jiyva was most pleased with you.
You were not hungry.

You visited 6 branches of the dungeon, and saw 22 of its levels.
You also visited: Ice Cave.

You collected 2592 gold pieces.
You spent 2386 gold pieces at shops.

Inventory:

Hand Weapons
 a - a +2 dagger of electrocution
 b - a +1 rapier of draining (weapon)
 v - a +0 rapier of freezing
Missiles
 h - 4244 stones (quivered)
 p - 3094 arrows
 S - 135 sling bullets
Armour
 l - a +0 buckler (worn)
 s - a +2 pair of gloves (worn)
 J - the +0 helmet of Dyspraxia (worn) {+Inv Regen+ rCorr Int+3}
   (You bought it in a shop in the Orcish Mines)

   It affects your intelligence (+3).
   It lets you turn invisible.
   It increases your rate of regeneration.
   It provides partial protection from all sources of acid and corrosion.
 N - a +2 scale mail of fire resistance (worn)
 Q - a +2 pair of boots of stealth (worn)
 W - a +2 cloak (worn)
Magical Staves
 U - an uncursed staff of summoning
Jewellery
 c - the ring "Caseiwk" {Ice MP+9 Slay+2}
   (You found it in an ice cave)

   [ring of ice]

   It enhances your ice magic.
   It affects your accuracy and damage with ranged weapons and melee attacks
   (+2).
   It makes you vulnerable to fire.
   It protects you from cold.
   It affects your magic capacity (+9).
 i - an uncursed ring of insulation
 j - an amulet of guardian spirit (around neck)
 w - a ring of protection from fire (left hand)
 V - a ring of poison resistance (right hand)
 Z - an uncursed ring of protection from magic
Wands
 f - a wand of scattershot (6)
 y - a wand of paralysis (13)
 C - a wand of iceblast (18)
 G - a wand of polymorph (30)
 L - a wand of random effects (12)
 M - a wand of digging (11)
 R - a wand of enslavement (14)
Scrolls
 k - 3 scrolls of identify {@r1}
 o - 2 scrolls of teleportation {@r3 !r}
 u - a scroll of blinking {@r4}
 x - a scroll of summoning
 z - 4 scrolls of remove curse {@r2}
 A - a scroll of fog {!r}
 B - 5 scrolls of magic mapping {@r5 !r}
Potions
 d - 5 potions of haste {@q4 !q}
 g - 4 potions of curing {@q1 !q}
 m - 3 potions of ambrosia
 n - 3 potions of magic
 q - a potion of resistance
 r - 2 potions of agility
 t - 3 potions of might {@q3 !q}
 D - 3 potions of lignification {@q6}
 E - 5 potions of brilliance
 F - 4 potions of mutation
 I - 7 potions of heal wounds {@q2 !q}
 K - 7 potions of flight
 O - 2 potions of cancellation
 T - a potion of invisibility
Miscellaneous
 Y - a fan of gales
Comestibles
 e - 21 rations {!d}


   Skills:
 - Level 10.0 Fighting
 - Level 10.0 Short Blades
 - Level 4.2 Armour
 - Level 8.7 Dodging
 - Level 6.7 Stealth
 - Level 5.7 Shields
 * Level 8.1 Spellcasting
 - Level 8.4 Conjurations
 * Level 1.2 Charms
 - Level 9.0 Summonings
 * Level 1.2 Necromancy
 - Level 4.2 Translocations
 - Level 8.2 Transmutations
 - Level 5.1 Fire Magic
 - Level 9.0 Ice Magic
 - Level 5.1 Air Magic
 - Level 3.3 Poison Magic
 - Level 8.8 Invocations
 + Level 9.3 Evocations


You had 5 spell levels left.
You knew the following spells:

 Your Spells              Type           Power        Failure   Level  Hunger
b - Conjure Flame         Conj/Fire      ###.....     5%          3    ##.....
c - Mephitic Cloud        Conj/Pois/Air  ###.....     9%          3    ##.....
d - Freeze                Ice            ####..       1%          1    None
B - Blink                 Tloc           N/A          8%          2    None
C - Summon Ice Beast      Ice/Summ       ####....     7%          4    ####...
H - Regeneration          Chrm/Necr      #.........   45%         3    ##.....
N - Sticks to Snakes      Tmut           ####....     1%          2    None
P - Ignite Poison         Fire/Tmut/Pois ###.....     9%          3    ##.....
Z - Irradiate             Conj/Tmut      ####......   26%         5    #####..

Your spell library contained the following spells:

 Spells                   Type           Power        Failure   Level  Hunger
 Beastly Appendage        Tmut           ####..       1%          1    None
 Magic Dart               Conj           ####         1%          1    None
 Call Imp                 Summ           ####..       1%          2    None
 Searing Ray              Conj           ####....     1%          2    None
 Throw Frost              Conj/Ice       ####..       1%          2    None
 Sting                    Conj/Pois      ###.         2%          1    None
 Iskenderun's Mystic Bla  Conj           ####....     2%          3    ##.....
 Ensorcelled Hibernation  Hex/Ice        ###...       7%          2    None
 Poisonous Vapours        Pois/Air       ###...       8%          2    None
 Spider Form              Tmut/Pois      ###          8%          3    ##.....
 Throw Icicle             Conj/Ice       ####....     8%          4    ####...
 Ice Form                 Ice/Tmut       ####....     9%          4    ####...
 Ozocubu's Armour         Chrm/Ice       ###.....     11%         3    ##.....
 False Image              Hex/Summ       ###.....     13%         3    ##.....
 Dazzling Spray           Conj/Hex       ###...       16%         3    ##.....
 Animate Skeleton         Necr           N/A          17%         1    None
 Pain                     Necr           #.....       17%         1    None
 Summon Scorpions         Summ/Pois      ###.....     22%         4    ####...
 Blade Hands              Tmut           ####......   26%         5    #####..
 Corona                   Hex            #......      28%         1    None
 Inner Flame              Hex/Fire       N/A          28%         3    ##.....
 Shackle                  Hex            #.......     38%         2    None
 Vampiric Draining        Necr           #.........   45%         3    ##.....
 Fulminant Prism          Conj/Hex       ###.......   45%         4    ####...
 Petrify                  Tmut/Erth      ###.....     45%         4    ####...
 Yara's Violent Unravell  Hex/Tmut       ###.......   45%         4    ####...
 Venom Bolt               Conj/Pois      ###.......   56%         5    #####..
 Olgreb's Toxic Radiance  Pois           ##......     58%         4    ####...
 Confuse                  Hex            #.......     63%         3    ##.....
 Tukima's Dance           Hex            #.......     63%         3    ##.....
 Bolt of Draining         Conj/Necr      ###.......   71%         5    #####..
 Metabolic Englaciation   Hex/Ice        ###.......   77%         5    #####..
 Tree Form                Hex/Tmut       N/A          82%         5    #####..
 Animate Dead             Necr           N/A          86%         4    ####...
 Cause Fear               Hex            #.........   95%         4    ####...
 Ozocubu's Refrigeration  Ice            ####......   71%         6    #######
 Bolt of Cold             Conj/Ice       ####......   75%         6    #######
 Freezing Cloud           Ice/Air        ####......   93%         6    #######
 Simulacrum               Ice/Necr       ###.......   99%         6    #######
 Statue Form              Tmut/Erth      ###......    100%        6    #######
 Dragon Form              Tmut           ####...      100%        7    #######
 Mana Rupture             Conj/Hex       ###.......   100%        7    #######
 Necromutation            Tmut/Necr      ###.....     100%        8    #######


Dungeon Overview and Level Annotations

Branches:
Dungeon (12/12)            Temple (1/1) D:5            Lair (6/6) D:8
  Swamp (0/3) Lair:2        Snake (1/3) Lair:2        Slime (0/5) Lair:5
    Orc (1/1) D:10            Elf (1/3) Orc          Vaults (0/3) D:11
 Depths: D:12

Altars:
Ashenzari
Cheibriados
Dithmenos
Elyvilon
Fedhas
Gozag
Hepliaklqana
Kikubaaqudgha
Lugonu
Makhleb
Nemelex Xobeh
Okawaru
Qazlal
Ru
Sif Muna
Trog
Uskayaw
Vehumet
Wu Jian
Xom
Yredelemnul
Zin
The Shining One
Beogh
Jiyva

Shops:
D:4 *   D:6 }   D:7 !   Orc :*[!

Annotations:
D:3 exclusions: hobgoblin and ice beast, Grinder
D:4 exclusion: upstairs
D:7 3 runed translucent doors, Anmu's ghost, novice FrCj
Snake:1 2 transporters Gammafaggot vault, come back at 20ish, Mrkan's ghost, adept MiFi Orc !wpn, exclusion: door


Innate Abilities, Weirdness & Mutations

You have acidic saliva.
Your rubbery body absorbs attacks. (AC +1, EV +1)


Message History

The naga warrior hits you from afar with a +4 trident!
You escape the anaconda's grasp.
The naga warrior hits your ice beast with a +0 scimitar!!
The naga warrior constricts your ice beast.
Your ice beast dies!
Your scale mail prevents you from hitting the anaconda.
Your bite misses the anaconda.
The anaconda is heavily wounded.
The anaconda grabs you. The anaconda barely misses you.
The anaconda constricts you. The anaconda barely misses you.
The anaconda's grasp on you weakens, but your attempt to escape fails.
The anaconda bites you!
The anaconda bites you but does no damage.
The anaconda constricts you.
The anaconda bites you but does no damage.
The anaconda bites you. The anaconda constricts you.
You escape the anaconda's grasp.
The anaconda is no longer moving slowly.
The anaconda grabs you.
The anaconda bites you but does no damage.
The anaconda constricts you.
Casting: Summon Ice Beast (safe; 7% risk of failure)
Confirm with . or Enter, or press ? or * to list all spells.
You escape the anaconda's grasp.
You blink.
The anaconda grabs you. You block the anaconda's attack.
The anaconda constricts you.
You escape the anaconda's grasp.
Casting: Blink (safe; 8% risk of failure)
Confirm with . or Enter, or press ? or * to list all spells.
You don't know that spell.
Unknown command.
Unknown command.
Adjust (i)tems, (s)pells, or (a)bilities?
Adjust which spell? h - Regeneration Adjust to which letter?
H - Regeneration
Casting: Blink (safe; 8% risk of failure)
Confirm with . or Enter, or press ? or * to list all spells.
You miscast Regeneration.
You are very lightly contaminated with residual magic.
You hear strange and distant voices.
The anaconda grabs you. The anaconda barely misses you.
The anaconda constricts you. You block the anaconda's attack.
The anaconda constricts you.
You puncture the anaconda! You drain the anaconda.
The anaconda is severely wounded.
The anaconda bites you but does no damage.
The anaconda constricts you.
The anaconda's grasp on you weakens, but your attempt to escape fails.
You block the anaconda's attack. The anaconda constricts you.
The anaconda loses its grip on you. The naga warrior completely misses you.
The anaconda grabs you. You block the anaconda's attack.
The anaconda constricts you.
Your scale mail prevents you from hitting the anaconda.
The anaconda is lightly wounded.
The anaconda bites you but does no damage.
The anaconda constricts you.
You escape the anaconda's grasp.
The anaconda grabs you.
The anaconda bites you but does no damage.
The anaconda constricts you.
You escape the anaconda's grasp.
The anaconda grabs you. The anaconda closely misses you.
The anaconda constricts you.
You escape the anaconda's grasp.
The anaconda grabs you. The anaconda bites you! The anaconda constricts you.
The anaconda's grasp on you weakens, but your attempt to escape fails.
The anaconda bites you but does no damage.
The anaconda constricts you. The anaconda bites you.
The anaconda constricts you.
Casting: Regeneration (slightly dangerous; 45% risk of failure)
Confirm with . or Enter, or press ? or * to list all spells.
You escape the anaconda's grasp.
You blink.
The naga warrior barely misses you. The anaconda grabs you.
The anaconda barely misses you. The anaconda constricts you.
Casting: Blink (safe; 8% risk of failure)
Confirm with . or Enter, or press ? or * to list all spells.
You escape the anaconda's grasp.
You blink.
The anaconda seems less drained.
Really read
o - 3 scrolls of teleportation {@r3 !r}?
As you read the scroll of teleportation {@r3 !r}, it crumbles to dust.
You feel strangely unstable. The anaconda grabs you. The anaconda bites you.
The anaconda constricts you.
Casting: Blink (safe; 8% risk of failure)
Confirm with . or Enter, or press ? or * to list all spells.
You escape the anaconda's grasp.
You blink.
Okay, then.
Your surroundings suddenly seem different.
Found 27 gold pieces.
Found a stone staircase leading down.
Your magical contamination has completely faded away.
The naga is too close now for your liking.
A salamander comes into view. It is wielding a +0 trident.
A shock serpent comes into view.
The shock serpent shoots out a bolt of lightning at you!
The bolt of electricity hits you!
* * * LOW HITPOINT WARNING * * *
You hear an angry hiss.
The shock serpent shoots out a bolt of lightning at you!
The bolt of electricity hits you!
You die...

#########.#.#.#. #
#............... #
#.........#.#.#. .#
#...........>.$. #..
####...........#.#. .#..
#............$..S.. ....
##......####........
....
......N.............
....
##......####@.......
.... #......# #........
.... #......# #########
## #......#
#......############
#.......N.........#
#####.............### #
#####...............###
#
#......N####.©.####...##
#


You could see a salamander and a shock serpent.

Vanquished Creatures
  An orc warlord (Orc)
  Azrael (Snake:1)
  An ice dragon (IceCv)
  A centaur warrior (D:11)
  A rakshasa (D:11)
  An ogre mage (D:11)
  2 hydras
  2 tengu warriors (D:11)
  5 death yaks
  8 two-headed ogres
  3 orc high priests (Orc)
  A skeletal warrior (D:11)
  A salamander mystic (Snake:1)
  An unseen horror (D:10)
  A cyclops (D:11)
  4 orc knights
  Pikel (D:3)
  A manticore (D:9)
  2 ugly things
  5 orc sorcerers (Orc)
  3 slime creatures (D:11)
  A salamander (Snake:1)
  8 elephants
  5 centaur zombies
  2 ice statues (IceCv)
  9 black mambas
  22 cane toads
  6 centaur skeletons
  3 rime drakes
  6 komodo dragons
  3 trolls (Orc)
  A polar bear (Lair:6)
  A hornet (D:10)
  15 blink frogs
  4 tyrant leeches (Lair:6)
  10 dream sheep
  9 hippogriffs
  3 wyverns
  15 humans (D:11)
  2 basilisks
  31 yaks
  A fire bat (Lair:6)
  2 fire elementals (Snake:1)
  3 hungry ghosts
  8 vampire mosquitoes
  3 insubstantial wisps (Lair:2)
  2 nagas (Snake:1)
  4 wargs (Orc)
  8 crocodiles
  11 porcupines
  13 water moccasins
  33 orc warriors
  4 hell hounds
  3 black bears
  Purgy (D:3)
  28 ice beasts
  A sky beast (D:11)
  2 slaves
  2 necrophages
  13 ogres
  9 wolves
  2 phantoms
  4 centaurs
  22 bullfrogs
  3 big kobolds
  5 scorpions
  A water moccasin skeleton (D:6)
  A howler monkey (D:5)
  5 electric eels (Lair:4)
  A crimson imp (D:3)
  A quasit (D:5)
  A lava snake (Lair:6)
  2 bullfrog skeletons
  7 jellies
  22 orc priests
  Natasha (thrice) (D:3)
  2 iguanas (D:10)
  Terence (D:3)
  12 worker ants
  10 orc wizards
  A worker ant zombie (D:7)
  15 adders
  2 shadow imps
  5 oozes (D:10)
  An adder zombie (D:6)
  6 worms
  6 leopard geckos
  90 orcs
  6 giant cockroaches
  14 goblins
  12 hobgoblins
  4 jackals (D:8)
  3 quokkas
  3 ball pythons
  10 bats
  4 frilled lizards
  16 kobolds
  5 rats
  2 butterflies (D:8)
  A fungus (Lair:4)
  A plant (Lair:4)
665 creatures vanquished.

Vanquished Creatures (collateral kills)
  An ettin (Orc)
  2 hydras
  Harold (Lair:5)
  A centaur warrior (D:11)
  An ice dragon (IceCv)
  A two-headed ogre (D:11)
  A death yak (Lair:6)
  An orc high priest (Orc)
  2 ugly things
  2 salamanders (Snake:1)
  5 elephants (Lair:5)
  A centaur zombie (D:11)
  3 black mambas
  A torpor snail (Lair:2)
  A komodo dragon (Lair:6)
  4 cane toads
  A tyrant leech (Lair:6)
  A polar bear (Lair:6)
  A hornet (Lair:5)
  10 blink frogs
  4 dream sheep
  2 hippogriffs
  5 yaks
  A fire elemental (Snake:1)
  A human (D:11)
  3 fire bats (Lair:6)
  An insubstantial wisp (Lair:2)
  2 crocodiles
  A naga (Snake:1)
  2 water moccasins
  A hell hound (Snake:1)
  An ice beast (IceCv)
  An orc warrior (Orc)
  A wolf (Lair:5)
  5 bullfrogs
  A quasit (D:7)
  3 orc wizards
  A worker ant (D:11)
  3 worms (D:2)
  A dart slug (D:3)
  5 orcs
  A goblin (D:1)
87 creatures vanquished.

Vanquished Creatures (others)
  Menkaure (D:5)
  A slave (D:5)
  A bush (Lair:6)
  65 fungi
  44 plants
112 creatures vanquished.

Grand Total: 864 creatures vanquished

Notes
Turn   | Place    | Note
-------+----------+-------------------------------------------
     0 | D:1      | MisterOstroum the Human Wizard began the quest for the Orb.
     0 | D:1      | Reached XP level 1. HP: 13/13 MP: 4/4
   305 | D:1      | Reached XP level 2. HP: 17/20 MP: 0/6
   318 | D:1      | Learned a level 2 spell: Blink
   321 | D:1      | Learned a level 2 spell: Call Imp
   431 | D:1      | Reached skill level 1 in Fighting
   829 | D:1      | Reached XP level 3. HP: 26/26 MP: 2/7
  1798 | D:2      | Reached XP level 4. HP: 27/33 MP: 0/8
  1955 | D:2      | Learned a level 3 spell: Mephitic Cloud
  3365 | D:3      | Noticed Terence
  3397 | D:3      | Killed Terence
  3397 | D:3      | Reached XP level 5. HP: 33/41 MP: 2/9
  3571 | D:3      | Noticed Natasha
  3829 | D:3      | Noticed Grinder
  3863 | D:3      | Noticed an ice beast
  4304 | D:3      | Noticed Purgy
  4371 | D:3      | Killed Purgy
  4371 | D:3      | Reached XP level 6. HP: 38/47 MP: 5/10
  5036 | D:3      | Killed Natasha
  5081 | D:3      | Noticed Natasha
  5103 | D:3      | Killed Natasha
  5176 | D:4      | Noticed a slave
  5298 | D:4      | Found Cobezal's General Store.
  5312 | D:4      | Bought a scroll of teleportation for 39 gold pieces
  5312 | D:4      | Bought a potion of might for 52 gold pieces
  5312 | D:4      | Bought a scroll of identify for 26 gold pieces
  5312 | D:4      | Bought a potion of brilliance for 52 gold pieces
  5324 | D:4      | Noticed an ogre
  5338 | D:4      | Killed an ogre
  5338 | D:4      | Reached XP level 7. HP: 52/52 MP: 4/11
  5458 | D:4      | Found a basalt altar of Yredelemnul.
  5459 | D:4      | Found a burning altar of Makhleb.
  5674 | D:4      | Learned a level 3 spell: Conjure Flame
  6006 | D:4      | Noticed Pikel
  6085 | D:3      | Noticed Natasha
  6091 | D:3      | Killed Natasha
  6091 | D:3      | Reached skill level 5 in Short Blades
  6261 | D:3      | Killed Pikel
  6261 | D:3      | Reached skill level 5 in Conjurations
  6261 | D:3      | Reached XP level 8. HP: 44/58 MP: 4/12
  6701 | D:5      | Entered Level 5 of the Dungeon
  6705 | D:5      | Reached skill level 1 in Poison Magic
  6740 | D:5      | Reached skill level 1 in Air Magic
  6814 | D:5      | Found a staircase to the Ecumenical Temple.
  6826 | Temple   | Entered the Ecumenical Temple
  6990 | Temple   | Became a worshipper of Elyvilon the Healer
  7197 | D:5      | Noticed Menkaure
  7825 | D:5      | Reached skill level 1 in Fire Magic
  7884 | D:5      | Noticed a hippogriff
  7946 | D:5      | Killed a hippogriff
  7946 | D:5      | Reached XP level 9. HP: 46/63 MP: 2/13
  8499 | D:6      | Found a shattered altar of Ashenzari.
  8668 | D:6      | Reached * piety under Elyvilon
  9478 | D:6      | Found Yneleg's Gadget Shoppe.
 10025 | D:5      | Killed Menkaure
 10435 | D:5      | Reached skill level 5 in Dodging
 10435 | D:5      | Reached XP level 10. HP: 48/72 MP: 8/16
 11019 | D:6      | Found Yneleg's Gadget Shoppe.
 11049 | D:6      | Found a shattered altar of Ashenzari.
 11608 | D:7      | Found Pelucups's Distillery.
 11611 | D:7      | Bought a potion of curing for 39 gold pieces
 11611 | D:7      | Bought a potion of curing for 39 gold pieces
 11611 | D:7      | Bought a potion of flight for 39 gold pieces
 11824 | D:7      | Learned a level 2 spell: Sticks to Snakes
 11877 | D:7      | Reached skill level 1 in Invocations
 11999 | D:7      | Reached ** piety under Elyvilon
 12000 | D:7      | Found a shadowy altar of Dithmenos.
 12263 | D:7      | Noticed Anmu's ghost (novice FrCj)
 12287 | D:7      | Found a runed translucent gate.
 12287 | D:7      | Found a runed translucent gate.
 12287 | D:7      | Found a runed translucent gate.
 12462 | D:7      | Reached skill level 5 in Fighting
 12793 | D:8      | Reached skill level 5 in Spellcasting
 12913 | D:8      | Found a glowing golden altar of the Shining One.
 13368 | D:8      | Noticed a two-headed ogre
 13582 | D:8      | Found a shimmering altar of Xom.
 13743 | D:8      | Reached *** piety under Elyvilon
 13782 | D:8      | Reached skill level 5 in Invocations
 13782 | D:8      | Reached XP level 11. HP: 66/81 MP: 6/19
 13937 | D:8      | Found a staircase to the Lair.
 14674 | D:9      | Noticed a red ugly thing
 14744 | D:9      | Learned a level 4 spell: Summon Ice Beast
 14867 | D:9      | Reached skill level 1 in Ice Magic
 15021 | D:8      | Killed a two-headed ogre
 15164 | D:9      | Killed a red ugly thing
 15218 | D:9      | Found a corrupted altar of Lugonu.
 15308 | D:9      | Reached skill level 5 in Stealth
 15453 | D:9      | Noticed a manticore
 15468 | D:9      | Killed a manticore
 15837 | D:9      | Noticed a two-headed ogre
 15857 | D:9      | Killed a two-headed ogre
 15857 | D:9      | Reached skill level 5 in Summonings
 16506 | Lair:1   | Entered Level 1 of the Lair of Beasts
 16550 | Lair:1   | Reached skill level 5 in Ice Magic
 16688 | Lair:1   | Noticed a six-headed hydra
 16712 | Lair:1   | Reached **** piety under Elyvilon
 16745 | Lair:1   | Reached XP level 12. HP: 78/89 MP: 11/20
 16892 | Lair:1   | Reached skill level 1 in Shields
 17430 | Lair:1   | Reached ***** piety under Elyvilon
 18142 | Lair:2   | Found a staircase to the Swamp.
 19311 | Lair:2   | Found a staircase to the Snake Pit.
 20137 | Lair:3   | Learned a level 1 spell: Freeze
 20442 | Lair:3   | Reached skill level 10 in Short Blades
 20711 | Lair:3   | Learned a level 3 spell: Ignite Poison
 21430 | Lair:4   | Noticed a seven-headed hydra
 21432 | Lair:4   | Pacified a seven-headed hydra
 21478 | Lair:4   | Reached XP level 13. HP: 86/98 MP: 7/21
 23378 | Lair:5   | Reached ****** piety under Elyvilon
 23378 | Lair:5   | Noticed a six-headed hydra
 24240 | Lair:5   | Noticed Harold
 24495 | Lair:5   | Found a staircase to the Slime Pits.
 24892 | Lair:5   | Pacified a six-headed hydra
 25087 | Lair:5   | Found a viscous altar of Jiyva.
 25812 | Lair:5   | Reached XP level 14. HP: 91/108 MP: 4/25
 26107 | Lair:5   | Killed Harold
 26624 | D:10     | Entered Level 10 of the Dungeon
 26644 | D:10     | Found a staircase to the Orcish Mines.
 26668 | D:10     | Noticed Sonja
 26680 | D:10     | Noticed Sonja
 26680 | D:10     | Sonja changed into Sonja the blink frog
 26705 | D:10     | Killed Sonja the blink frog
 27403 | D:10     | Found a white marble altar of Elyvilon.
 27537 | D:10     | Identified a scroll of acquirement
 27966 | D:11     | Found a gate to the Vaults.
 28267 | D:11     | Reached skill level 1 in Transmutations
 28381 | D:11     | Found a frozen archway.
 28390 | IceCv    | Entered an ice cave
 29732 | IceCv    | Reached skill level 10 in Fighting
 29901 | IceCv    | Got a heavily runed lapis lazuli ring
 29916 | IceCv    | Identified the ring "Caseiwk" {Ice MP+9 Slay+2} (You found
                  | it in an ice cave)
 30164 | D:11     | Reached skill level 5 in Fire Magic
 30178 | D:11     | Reached skill level 5 in Air Magic
 30480 | D:11     | Learned a level 5 spell: Irradiate
 31025 | D:11     | Reached XP level 15. HP: 109/115 MP: 3/27
 31026 | D:11     | Reached skill level 1 in Evocations
 31734 | D:11     | Reached skill level 5 in Transmutations
 31912 | D:12     | Entered Level 12 of the Dungeon
 31975 | Orc      | Entered the Orcish Mines
 32312 | Orc      | Found a roughly hewn altar of Beogh.
 32512 | Orc      | Found Besmiuh's Book Boutique.
 32640 | Orc      | Found Rolit's Assorted Antiques.
 32673 | Orc      | Bought a metal-bound book for 495 gold pieces
 33164 | Orc      | Reached skill level 5 in Evocations
 33970 | Orc      | Found a staircase to the Elven Halls.
 34157 | Orc      | Got a smoking platinum amulet
 34159 | Orc      | Identified the amulet of Saydgh {+Rage rN+} (You found it
                  | in the Orcish Mines)
 34697 | Orc      | Noticed an orc warlord
 34737 | Orc      | Killed an orc warlord
 36199 | Orc      | Found Qaozorr's Antique Armour Shoppe.
 36224 | Orc      | Found a roughly hewn altar of Beogh.
 36417 | Orc      | Found Moschusal's Distillery.
 36477 | Orc      | Bought a potion of heal wounds for 60 gold pieces
 36477 | Orc      | Bought a potion of lignification for 36 gold pieces
 36477 | Orc      | Bought a potion of flight for 36 gold pieces
 36477 | Orc      | Bought a potion of curing for 36 gold pieces
 36477 | Orc      | Bought a potion of heal wounds for 60 gold pieces
 36504 | Orc      | Bought a pair of glowing boots for 195 gold pieces
 36504 | Orc      | Bought a heavily runed helmet for 247 gold pieces
 36514 | Orc      | Identified the cursed +0 helmet of Dyspraxia {+Inv Regen+
                  | rCorr Int+3} (You bought it in a shop in the Orcish Mines)
 36691 | Elf:1    | Entered Level 1 of the Elven Halls
 37000 | Lair:5   | Fell from the grace of Elyvilon
 37000 | Lair:5   | Became a worshipper of Jiyva Jotrait the Shapeless
 37105 | Lair:6   | Entered Level 6 of the Lair of Beasts
 38025 | Lair:6   | Reached ** piety under Jiyva
 38245 | Lair:6   | Reached skill level 5 in Shields
 38637 | Lair:6   | Reached XP level 16. HP: 120/122 MP: 28/28
 38817 | Lair:6   | Reached skill level 1 in Armour
 39039 | Lair:6   | Gained mutation: Your rubbery body absorbs attacks. (AC +1,
                  | EV +1) [Jiyva's grace]
 40193 | Lair:6   | Reached *** piety under Jiyva
 40292 | Lair:6   | Learned a level 2 spell: Poisonous Vapours
 40451 | Snake:1  | Entered Level 1 of the Snake Pit
 40825 | Snake:1  | Noticed Mrkan's ghost (adept MiFi)
 40835 | Snake:1  | Found a transporter.
 40849 | Snake:1  | Found a transporter.
 41088 | Snake:1  | Gained mutation: You have acidic saliva. [Jiyva's grace]
 41269 | Orc      | Bought a book of Necromancy for 330 gold pieces
 41269 | Orc      | Bought a book of Transfigurations for 605 gold pieces
 41273 | Orc      | Learned a level 3 spell: Regeneration
 41600 | Snake:1  | Noticed Azrael
 41616 | Snake:1  | Killed Azrael
 41616 | Snake:1  | Reached skill level 1 in Charms
 41616 | Snake:1  | Reached skill level 1 in Necromancy
 41817 | Snake:1  | Killed from afar by a shock serpent

Skill      XL: |  1  2  3  4  5  6  7  8  9 10 11 12 13 14 15 16 |
---------------+-------------------------------------------------+-----
Fighting       | 1 2 3 4 5 6 7 9 10 | 10.0
Stealth        | 3 6 |  6.7
Conjurations   | 2 3 5 6 8 |  8.4
Summonings     | 2 3 5 7 8 9 |  9.0
Short Blades   | 3 4 6 7 8 9 10 | 10.0
Poison Magic   | 3 |  3.3
Air Magic      | 3 4 5 |  5.1
Fire Magic     | 1 3 4 5 |  5.1
Dodging        | 5 6 8 |  8.7
Translocations | 3 4 |  4.2
Spellcasting   | 4 5 7 8 |  8.1
Invocations    | 5 6 7 8 |  8.8
Ice Magic      | 5 7 8 9 |  9.0
Shields        | 3 4 5 |  5.7
Transmutations | 4 8 |  8.2
Evocations     | 7 9 |  9.3
Armour         | 4 |  4.2
Charms         | 1 |  1.2
Necromancy     | 1 |  1.2

Action                   |  1- 3 |  4- 6 |  7- 9 | 10-12 | 13-15 | 16-18 || total
-------------------------+-------+-------+-------+-------+-------+-------++-------
Melee: Dagger            |    30 |    42 |       |   428 |  1420 |    20 ||  1940
       Staff             |    24 |       |       |       |       |       ||    24
       Rapier            |       |    74 |   264 |   128 |   179 |   375 ||  1020
       Unarmed           |       |       |     9 |       |       |       ||     9
       Bite              |       |       |       |       |       |     6 ||     6
 Fire: Hunting sling     |       |       |    39 |    50 |       |       ||    89
Throw: Stone             |     1 |     5 |     2 |     7 |     2 |     2 ||    19
       Throwing net      |       |       |       |       |     1 |       ||     1
 Cast: Magic Dart        |    83 |   109 |   167 |   364 |   393 |     4 ||  1120
       Call Imp          |     8 |     9 |     2 |       |     4 |     1 ||    24
       Blink             |     2 |     3 |    11 |    14 |    43 |     6 ||    79
       Mephitic Cloud    |       |     7 |    18 |    37 |   106 |     1 ||   169
       Conjure Flame     |       |       |     7 |    46 |    13 |       ||    66
       Sticks to Snakes  |       |       |       |     2 |     1 |       ||     3
       Summon Ice Beast  |       |       |       |    20 |   114 |    18 ||   152
       Freeze            |       |       |       |    14 |    98 |    52 ||   164
       Ignite Poison     |       |       |       |       |    54 |       ||    54
       Irradiate         |       |       |       |       |     4 |     1 ||     5
Invok: Lesser Healing    |       |       |       |     5 |     2 |       ||     7
       Heal Other        |       |       |       |     3 |     4 |       ||     7
       Purification      |       |       |       |     1 |       |       ||     1
       Divine Vigour     |       |       |       |       |     3 |       ||     3
       Evolve            |       |       |       |       |     2 |       ||     2
 Abil: Evoke Invisibilit |       |       |       |       |     1 |       ||     1
Evoke: Wand              |       |       |       |       |     4 |     3 ||     7
  Use: Scroll            |       |     6 |     3 |    11 |    19 |     7 ||    46
       Potion            |       |       |     1 |     5 |     2 |       ||     8
 Stab: Sleeping          |       |     5 |     1 |     3 |    10 |     2 ||    21
       Confused          |       |     3 |    17 |    19 |    28 |       ||    67
       Distracted        |       |       |       |     2 |    11 |     3 ||    16
       Held in net/web   |       |       |       |       |     1 |       ||     1
  Eat: Chunk             |     3 |    11 |    16 |    31 |    47 |     9 ||   117
       Ration            |       |       |     1 |     4 |     6 |     2 ||    13
Armor: Robe              |    17 |    31 |    40 |    88 |   307 |       ||   483
       Scale mail        |       |       |       |       |       |   152 ||   152
       Ring mail         |       |       |       |       |       |     2 ||     2
Dodge: Dodged            |    49 |    80 |   129 |   246 |   703 |   207 ||  1414
Block: Buckler           |       |       |       |    21 |   207 |    67 ||   295
